 Dungeon Crawl Stone Soup version 0.27-a0-920-gb2bd10914a (webtiles) character file.

Game seed: 7971636605043146526

11319 harryhousin the Cleaver (level 11, -9/84 HPs)
             Began as a Minotaur Fighter on Apr 9, 2021.
             Was an Elder of Cheibriados.
             Killed by divine providence
             ... invoked by a meliai
              (11 damage)
             ... on level 12 of the Dungeon.
             The game lasted 00:36:54 (10859 turns).

harryhousin the Cleaver (Minotaur Fighter)         Turns: 10859, Time: 00:36:55

Health: -9/84      AC: 27    Str: 39    XL:     11   Next: 47%
Magic:  10/10      EV:  8    Int: 15    God:    Cheibriados [****..]
Gold:   682        SH: 15    Dex: 18    Spells: 10/10 levels left

rFire    . . .     SeeInvis .   a - +1 war axe (freeze)
rCold    . . .     Faith    .   c - +0 kite shield
rNeg     . . .     Spirit   .   f - +6 plate armour {ponderous}
rPois    .         Reflect  .   (helmet restricted)
rElec    .         Harm     .   (no cloak)
rCorr    .         Rampage  .   g - +0 pair of gloves
Will     .....                  (no boots)
Stlth    ..........             (no amulet)
HPRegen  0.24/turn              o - +4 ring of protection
MPRegen  0.12/turn              u - +6 ring of strength

@: lethally poisoned (-9 -> -23), very slow
A: horns 2, retaliatory headbutt
a: Renounce Religion, Bend Time, Temporal Distortion, Slouch


You were on level 12 of the Dungeon.
You worshipped Cheibriados.
Cheibriados was greatly pleased with you.
You visited 1 branch of the dungeon, and saw 12 of its levels.
You also visited: Sewer.

You collected 682 gold pieces.

Inventory:

Hand Weapons
 a - a +1 war axe of freezing (weapon)
 p - a +3 dagger of flaming
Armour
 c - a +0 kite shield (worn)
 f - a +6 plate armour of ponderousness (worn)
 g - a +0 pair of gloves (worn)
Jewellery
 o - a +4 ring of protection (left hand)
 u - a +6 ring of strength (right hand)
 w - a ring of magical power
 z - a ring of magical power
Wands
 i - a wand of flame (15)
 r - a wand of acid (19)
 C - a wand of mindburst (14)
 H - a wand of paralysis (8)
Scrolls
 h - 8 scrolls of identify
 j - 9 scrolls of teleportation
 k - a scroll of amnesia {unknown}
 m - 2 scrolls of fear {unknown}
 n - 2 scrolls of torment {unknown}
 q - 5 scrolls of enchant weapon
 t - 3 scrolls of blinking {unknown}
 x - a scroll of acquirement {unknown}
 y - a scroll of enchant armour
 F - a scroll of fog
 G - a scroll of silence {unknown}
Potions
 d - a potion of might
 e - a potion of magic {unknown}
 l - 3 potions of attraction {unknown}
 s - 3 potions of flight
 v - a potion of mutation {unknown}
 A - a potion of lignification {unknown}
 B - a potion of degeneration {unknown}
 D - a potion of cancellation {unknown}
 E - a potion of invisibility
 I - a potion of resistance {unknown}


   Skills:
 - Level 4.0 Fighting
 * Level 13.8 Axes
 - Level 12.1 Armour
 + Level 12.0 Shields


You had 10 spell levels left.
You didn't know any spells.
Your spell library contained the following spells:

 Spells                   Type           Power      Damage    Failure   Level
 Corona                   Hex            0%         N/A       86%         1
 Freeze                   Ice            0%         1d3       86%         1
 Magic Dart               Conj           0%         1d3       86%         1
 Blink                    Tloc           N/A        N/A       95%         2
 Call Imp                 Summ           0%         N/A       95%         2
 Ensorcelled Hibernation  Hex/Ice        0%         N/A       95%         2
 Slow                     Hex            0%         N/A       95%         2
 Confusing Touch          Hex            0%         N/A       99%         3
 Conjure Flame            Conj/Fire      0%         6-21      99%         3
 Dazzling Flash           Conj/Hex       0%         N/A       99%         3
 Frozen Ramparts          Ice            0%         1d2       99%         3
 Mephitic Cloud           Conj/Pois/Air  0%         N/A       99%         3
 Ozocubu's Armour         Ice            0%         N/A       99%         3
 Tukima's Dance           Hex            0%         N/A       99%         3
 Hailstorm                Conj/Ice       0%         3d3       100%        4
 Summon Ice Beast         Ice/Summ       0%         N/A       100%        4


Dungeon Overview and Level Annotations

Branches:
Dungeon (12/15)              Lair (0/6) D:9             Orc (0/2) D:9
  Sewer (visited)
 Temple: D:4-7

Altars:
Cheibriados
Elyvilon
Fedhas
Hepliaklqana
Kikubaaqudgha
Ru
Sif Muna

Shops:
D:2 (   D:8 !

Annotations:
D:3 2 transporters, noodleboyJ's ghost, amateur DDWn
D:5 3 runed translucent doors, zarzak's ghost, novice DgFi
D:7 3 runed translucent doors, gregwegmann's ghost, novice DsGl


Innate Abilities, Weirdness & Mutations

You have a pair of horns on your head.
You reflexively headbutt those who attack you in melee.


Message History

You are more poisoned.
The meliai poisons you!
You feel extremely sick. You block the meliai's attack. x2
The meliai mumbles some strange prayers to its god against you.
Something smites you!
* * * LOW HITPOINT WARNING * * *
The meliai barely misses you. You block the meliai's attack. x2
The meliai stings you but does no damage.
You feel better.
The meliai mumbles some strange prayers to its god against you.
Something smites you!
* * * LOW HITPOINT WARNING * * *
The meliai barely misses you. You furiously retaliate!
You headbutt the meliai. You block the meliai's attack.
The meliai hits you but does no damage. You block the meliai's attack.
The meliai calls upon its god to heal the meliai.
The meliai's wounds heal themselves!
You fail to use your ability.
The meliai hits you but does no damage. You block the meliai's attack.
The meliai barely misses you. x2
You block the meliai's attack.
The meliai stings you but does no damage.
The meliai closely misses you.
The meliai stings you but does no damage.
You fail to use your ability.
You block the meliai's attack. The meliai completely misses you.
You block the meliai's attack.
The meliai stings you but does no damage.
The meliai calls down the wrath of its god upon you.
Something smites you!
* * * LOW HITPOINT WARNING * * *
The meliai hits you but does no damage. The meliai stings you.
* * * LOW HITPOINT WARNING * * *
You are lethally poisoned!
The meliai poisons you!
You fail to use your ability.
* * * LOW HITPOINT WARNING * * *
You feel very sick.
The meliai calls down the wrath of its god upon you.
Something smites you!
You die...

# . .# # . .##.## . # ..
######.... .. # ...
#..#..... ....y...
#..#..#...##......... .
..'.......).......##
..#########.....#####...#
..'..#..y@............#
#..#..#y.#..#####..##
#.....#..#..# ..#
####.....#######
#...........#..#
....#####......# ..#
######## .


You could see 2 meliai.

Vanquished Creatures
  A hydra (D:12)
  A centaur warrior (D:11)
  Erica (D:8)
  Pikel (D:7)
  A cyclops (D:9)
  2 gargoyles (D:10)
  2 komodo dragons
  Psyche (D:10)
  A queen bee (shapeshifter) (D:11)
  A meliai (D:12)
  A hornet (D:7)
  2 shadows
  A wraith (D:12)
  5 yaks
  2 vampire mosquitoes (D:11)
  2 steam dragons
  A basilisk (D:11)
  2 acid dragons (D:11)
  2 water moccasins (D:9)
  3 orc warriors
  2 ice beasts
  A sky beast (D:6)
  3 black bears
  A necrophage (D:4)
  3 centaurs
  2 phantoms
  2 kobold brigands
  3 bullfrogs
  A wyvern zombie (D:7)
  5 scorpions
  16 killer bees
  2 howler monkeys
  5 wights (D:9)
  3 centaur zombies
  2 bullfrog zombies
  2 hounds
  A jelly (D:5)
  2 centaur skeletons
  3 orc priests
  A gnoll shaman (D:8)
  2 iguanas
  9 orc wizards
  2 killer bee zombies
  A howler monkey zombie (D:10)
  Robin (D:2)
  5 adders
  8 gnolls
  2 river rats (Sewer)
  A white imp (D:7)
  2 ufetubi
  2 adder skeletons (D:4)
  2 worms
  3 dart slugs
  26 orcs
  5 ball pythons
  10 endoplasms
  4 giant cockroaches
  9 goblins
  9 hobgoblins
  11 jackals
  7 quokkas
  4 frilled lizards
  14 kobolds
  7 rats
239 creatures vanquished.

Vanquished Creatures (others)
  31 fungi
  39 plants
70 creatures vanquished.

Grand Total: 309 creatures vanquished

Notes
Turn   | Place    | Note
-------+----------+-------------------------------------------
     0 | D:1      | harryhousin the Minotaur Fighter began the quest for the
                  | Orb.
     0 | D:1      | Reached XP level 1. HP: 19/19 MP: 0/0
    95 | D:1      | Reached XP level 2. HP: 25/27 MP: 1/1
   767 | D:2      | Found a faded altar of an unknown god.
   812 | D:2      | Found Hupujol's Antique Weapon Emporium.
   842 | D:2      | Reached XP level 3. HP: 29/33 MP: 2/2
   865 | D:2      | Reached skill level 3 in Axes
  1263 | D:2      | Noticed Robin
  1271 | D:2      | Killed Robin
  1272 | D:2      | Reached XP level 4. HP: 31/40 MP: 3/3
  1784 | D:3      | Found a glowing drain.
  1797 | Sewer    | Entered a sewer
  1802 | Sewer    | Reached skill level 5 in Armour
  1845 | Sewer    | Noticed a kobold brigand
  1867 | Sewer    | Killed a kobold brigand
  1868 | Sewer    | Reached XP level 5. HP: 21/46 MP: 4/4
  2036 | Sewer    | Found a white marble altar of Elyvilon.
  2406 | D:3      | Found a transporter.
  2408 | D:3      | Noticed noodleboyJ's ghost (amateur DDWn)
  2480 | D:3      | Found a transporter.
  2616 | D:3      | Found a sacrificial altar of Ru.
  2689 | D:3      | Reached skill level 4 in Axes
  2755 | D:3      | Found a shimmering blue altar of Sif Muna.
  2781 | D:4      | Reached skill level 5 in Shields
  2781 | D:4      | Reached XP level 6. HP: 52/52 MP: 5/5
  3372 | D:4      | Reached skill level 5 in Axes
  3372 | D:4      | Reached XP level 7. HP: 59/59 MP: 6/6
  3381 | D:5      | Entered Level 5 of the Dungeon
  3632 | D:5      | Found a runed translucent gate.
  3633 | D:5      | Found a runed translucent gate.
  3634 | D:5      | Found a runed translucent gate.
  3635 | D:5      | Noticed zarzak's ghost (novice DgFi)
  4331 | D:6      | Reached XP level 8. HP: 25/66 MP: 7/7
  4599 | D:6      | Reached skill level 6 in Axes
  4602 | D:6      | Found a white marble altar of Elyvilon.
  4844 | D:6      | Found a snail-covered altar of Cheibriados.
  4854 | D:6      | Became a worshipper of Cheibriados the Contemplative
  5231 | D:7      | Found a runed translucent gate.
  5433 | D:7      | Reached skill level 7 in Axes
  5433 | D:7      | Reached skill level 10 in Armour
  5436 | D:7      | Reached * piety under Cheibriados
  5603 | D:7      | Reached XP level 9. HP: 71/71 MP: 8/8
  5656 | D:7      | Noticed Pikel
  5692 | D:7      | Killed Pikel
  5693 | D:7      | Reached skill level 8 in Axes
  5955 | D:7      | Found a hazy altar of Hepliaklqana.
  5986 | D:7      | Found a runed translucent gate.
  5986 | D:7      | Found a runed translucent gate.
  6017 | D:7      | Noticed gregwegmann's ghost (novice DsGl)
  6612 | D:8      | Noticed Erica
  6625 | D:8      | Killed Erica
  6626 | D:8      | Reached skill level 9 in Axes
  6626 | D:8      | Reached XP level 10. HP: 37/78 MP: 9/9
  6937 | D:8      | Found Nurasoh's Distillery.
  6966 | D:8      | Reached ** piety under Cheibriados
  7089 | D:8      | Reached skill level 10 in Axes
  7299 | D:9      | Reached skill level 10 in Shields
  7306 | D:9      | Found a staircase to the Lair.
  7458 | D:9      | Noticed a cyclops
  7464 | D:9      | Reached skill level 11 in Axes
  7472 | D:9      | Killed a cyclops
  7764 | D:9      | Reached *** piety under Cheibriados
  7823 | D:9      | Identified the +4 short sword of the Skies Above {vorpal,
                  | Int+5}
  7950 | D:9      | Reached skill level 12 in Axes
  8074 | D:9      | Found a staircase to the Orcish Mines.
  8384 | D:10     | Entered Level 10 of the Dungeon
  8403 | D:10     | Noticed Psyche
  8409 | D:10     | Killed Psyche
  8432 | D:10     | Noticed a gargoyle
  8439 | D:10     | Killed a gargoyle
  8440 | D:10     | Reached XP level 11. HP: 79/84 MP: 10/10
  8663 | D:10     | Found an ancient bone altar of Kikubaaqudgha.
  8666 | D:10     | Found a blossoming altar of Fedhas.
  8748 | D:10     | Reached **** piety under Cheibriados
  9241 | D:11     | Noticed a centaur warrior
  9249 | D:11     | Killed a centaur warrior
  9250 | D:11     | Reached skill level 13 in Axes
 10241 | D:12     | Noticed a four-headed hydra
 10251 | D:12     | Killed a ten-headed hydra
 10859 | D:12     | HP: 2/84 [poisoned by a meliai]
 10859 | D:12     | Killed from afar by a meliai

Illustrated notes

Levels and vault maps discovered:
D:1:      grunt_arrival_crossed_arrows, layout_basic
D:2:      layout_loops_ring, basic_ecumenical_altar, serial_shops,
          nicolae_shop_temple_entry_statues_fountains, minmay_tetromino_o4,
          uniq_robin
D:3:      layout_basic, general_overflow_altar, overflow_temple_1_default,
          gammafunk_ghost_stat_death, gup_sewer_entry_pipe
D:4:      layout_rooms, minmay_vboxes
D:5:      layout_basic, minmay_temple_entry_from_below_b,
          gammafunk_ghost_nasty_kobolds
D:6:      layout_loops_ring, kennysheep_slug_shrine,
          lemuel_coloured_pillars_altar
D:7:      layout_rooms, worldfamousw_hep_ancestral_shrine, gammafunk_ghost_icy,
          uniq_pikel
D:8:      layout_loops_ring, serial_shops,
          nicolae_shop_competitors_out_of_business, minmay_parallelograms,
          uniq_erica
D:9:      layout_basic, due_lair_maze_entry_diamond, minmay_sticks_and_stones
D:10:     layout_loops_ring, grunt_temple_overflow_growth_and_decay, uniq_psyche
D:11:     layout_basic
D:12:     layout_loops_ring, hangedman_ru_absence

Skill      XL: |  1  2  3  4  5  6  7  8  9 10 11 |
---------------+----------------------------------+-----
Armour         | 4 5 6 7 8 10 12 | 12.1
Fighting       | 4 |  4.0
Shields        | 4 5 6 7 9 11 12 | 12.0
Axes           | 3 4 5 7 9 12 13 | 13.8

Action                   |  1- 3 |  4- 6 |  7- 9 | 10-12 || total
-------------------------+-------+-------+-------+-------++-------
Melee: War axe           |    95 |   134 |   201 |   224 ||   654
       Headbutt          |     6 |    18 |    47 |    68 ||   139
  Use: Potion            |       |     6 |     4 |     4 ||    14
       Scroll            |       |     8 |       |     1 ||     9
Armor: Plate armour      |    68 |   102 |   201 |   166 ||   537
       Scale mail        |     3 |       |       |       ||     3
Dodge: Dodged            |    20 |    13 |    69 |    66 ||   168
Block: Kite shield       |    42 |    87 |   134 |   212 ||   475

Table legend: (Time is in decaauts)
 A = Elapsed time spent in this place.
 B = Non-inter-level travel time spent in this place.
 C = Inter-level travel time spent in this place.
 D = Time resting spent in this place.
 E = Time spent auto-exploring this place.
 F = Levels seen in this place.
 G = Mean time per level.
                   A        B        C        D        E       F      G
               +--------+--------+--------+--------+--------+-----+--------+
         Total |  13754 |  13289 |    465 |   1919 |   8937 |  13 | 1058.0 |
       Dungeon |  13353 |  12888 |    465 |   1766 |   8937 |  12 | 1112.8 |
         Sewer |    401 |    401 |      0 |    153 |      0 |   1 |  401.0 |
               +--------+--------+--------+--------+--------+-----+--------+

Top non-repeatable levels by time:
    D:11: 1823 daAuts
     D:9: 1572 daAuts
     D:8: 1383 daAuts
     D:7: 1294 daAuts
    D:10: 1117 daAuts
     D:2: 1095 daAuts
     D:6: 1069 daAuts
     D:5: 1036 daAuts
     D:1: 849 daAuts
     D:3: 760 daAuts
     D:4: 680 daAuts
    D:12: 670 daAuts
   Sewer: 401 daAuts
